PAAA
NAPERVILLE BATTLEKINGS @ MILTON DOGFISH HEAD
07/27/2030
 
TOP OF THE 1ST
Naperville Battlekings batting - Pitching for Milton Dogfish Head : RHP Romano Martínez
Pitching: RHP Romano Martínez
Batting: RHB Fernando Martínez 0-0: Swinging Strike
0-1: Ball
1-1: Ball
2-1: Ball
3-1: Base on Balls
Batting: RHB Carlos González 0-0: Ball
1-0: Foul Ball, location: 2F
1-1: Foul Ball, location: 2F
1-2: Fly out, F3 (Popup, 3L)
Batting: RHB Jay Hood 0-0: Ball
1-0: Called Strike
1-1: Called Strike
1-2: Ball
2-2: Fly out, F1 (Popup, P)
Batting: LHB Philip Strickland 0-0: Called Strike
0-1: Ball
1-1: Swinging Strike
1-2: Ground out 4-3 (Groundball, 34)
Top of the 1st over - 0 runs, 0 hits, 0 errors, 1 left on base; Naperville 0 - Milton 0
BOTTOM OF THE 1ST
Milton Dogfish Head batting - Pitching for Naperville Battlekings : RHP Jordan Turpin
Pitching: RHP Jordan Turpin
Batting: LHB Sergio Muńóz 0-0: Foul Ball, location: 2F
0-1: SINGLE (Line Drive, 4MD)
Batting: RHB Darrell Terwey 0-0: Ball
Sergio Muńóz steals 2nd base
1-0: Called Strike
1-1: Ball
2-1: Swinging Strike
2-2: Ground out 6-3 (Groundball, 6)
Sergio Muńóz to third
Batting: RHB Yves Girard 0-0: Ball
1-0: SINGLE (Line Drive, 56D)
Sergio Muńóz scores
Batting: SHB Alejandro Castillo 0-0: Ball
1-0: Ball
2-0: Called Strike
2-1: Ball
3-1: Base on Balls
Yves Girard to second
Batting: RHB Rich Flannery 0-0: Ball
1-0: Called Strike
1-1: Ball
2-1: Swinging Strike
2-2: Foul Ball, location: 2F
2-2: SINGLE (Flyball, 89S)
Yves Girard to third
Alejandro Castillo to second
Runner from 3rd tries for Home, SAFE, throw made home
Batting: SHB Shoin Takuda 0-0: Grounds into double play, 4-6-3 (Groundball, 4M)
Bottom of the 1st over - 2 runs, 3 hits, 0 errors, 1 left on base; Naperville 0 - Milton 2
TOP OF THE 2ND
Naperville Battlekings batting - Pitching for Milton Dogfish Head : RHP Romano Martínez
Batting: LHB Marcos Costa 0-0: Called Strike
0-1: Foul Ball, location: 2F
0-2: Strikes out looking
Batting: RHB Jorge Baker 0-0: Ground out 4-3 (Groundball, 4)
Batting: SHB Alex Mable 0-0: Ball
1-0: Called Strike
1-1: Swinging Strike
1-2: Fly out, F5 (Popup, 5F)
Top of the 2nd over - 0 runs, 0 hits, 0 errors, 0 left on base; Naperville 0 - Milton 2
BOTTOM OF THE 2ND
Milton Dogfish Head batting - Pitching for Naperville Battlekings : RHP Jordan Turpin
Batting: RHB Lorenzo Rosas 0-0: Ball
1-0: Foul Ball, location: 2F
1-1: Swinging Strike
1-2: Fly out, F8 (Line Drive, 8LXD)
Batting: LHB Jeff Lawson 0-0: Called Strike
0-1: Swinging Strike
0-2: Ball
1-2: Ball
2-2: Strikes out swinging
Batting: RHB Esteban Olivo 0-0: Called Strike
0-1: Swinging Strike
0-2: Strikes out swinging
Bottom of the 2nd over - 0 runs, 0 hits, 0 errors, 0 left on base; Naperville 0 - Milton 2
TOP OF THE 3RD
Naperville Battlekings batting - Pitching for Milton Dogfish Head : RHP Romano Martínez
Batting: LHB Juan Villanueva 0-0: Ground out 5-3 (Groundball, 5S)
Batting: RHB Edward Payne 0-0: Ball
1-0: Ball
2-0: Ball
3-0: Base on Balls
Batting: RHB Fernando Martínez 0-0: Ball
1-0: Swinging Strike
1-1: Foul Ball, location: 2F
1-2: Ball
2-2: Foul Ball, location: 2F
2-2: Ground out 4-3 (Groundball, 34)
Edward Payne to second
Batting: RHB Carlos González 0-0: Called Strike
0-1: SINGLE (Line Drive, 6)
Edward Payne to third
Runner from 3rd tries for Home, SAFE, no throw
Batting: RHB Jay Hood 0-0: Fly out, F9 (Flyball, 9S)
Top of the 3rd over - 1 run, 1 hit, 0 errors, 1 left on base; Naperville 1 - Milton 2
BOTTOM OF THE 3RD
Milton Dogfish Head batting - Pitching for Naperville Battlekings : RHP Jordan Turpin
Batting: LHB Sergio Muńóz 0-0: Swinging Strike
0-1: Foul Ball, location: 2F
0-2: Ball
1-2: Ball
2-2: Ball
3-2: SOLO HOME RUN (Flyball, 9D), Distance : 383 ft
Batting: RHB Darrell Terwey 0-0: Called Strike
0-1: Swinging Strike
0-2: Foul Ball, location: 2F
0-2: SINGLE (Line Drive, 9S)
Batting: RHB Yves Girard 0-0: Ball
1-0: Fly out, F7 (Flyball, 7S)
Batting: SHB Alejandro Castillo 0-0: Ball
1-0: Ball
2-0: Foul Ball, location: 2F
2-1: Ball
3-1: Foul Ball, location: 2F
3-2: Reached on error, E5 (Groundball, 5L)
Darrell Terwey to second
Batting: RHB Rich Flannery 0-0: Ball
1-0: Ball
2-0: Ball
3-0: Base on Balls
Darrell Terwey to third
Alejandro Castillo to second
Batting: SHB Shoin Takuda 0-0: Grounds into double play, 5-4-3 (Groundball, 5)
Bottom of the 3rd over - 1 run, 2 hits, 1 error, 2 left on base; Naperville 1 - Milton 3
TOP OF THE 4TH
Naperville Battlekings batting - Pitching for Milton Dogfish Head : RHP Romano Martínez
Batting: LHB Philip Strickland 0-0: Ball
1-0: Foul Ball, location: 2F
1-1: Foul Ball, location: 2F
1-2: Ball
2-2: Ball
3-2: Strikes out looking
Batting: LHB Marcos Costa 0-0: Called Strike
0-1: Ball
1-1: Swinging Strike
1-2: Strikes out swinging
Batting: RHB Jorge Baker 0-0: Called Strike
0-1: Foul Ball, location: 2F
0-2: Ball
1-2: Ball
2-2: Strikes out looking
Top of the 4th over - 0 runs, 0 hits, 0 errors, 0 left on base; Naperville 1 - Milton 3
BOTTOM OF THE 4TH
Milton Dogfish Head batting - Pitching for Naperville Battlekings : RHP Jordan Turpin
Batting: RHB Lorenzo Rosas 0-0: Called Strike
0-1: Ball
1-1: Ball
2-1: Fly out, F4 (Popup, 34)
Batting: LHB Jeff Lawson 0-0: SINGLE (Groundball, 4D)
Batting: RHB Esteban Olivo 0-0: SINGLE (Groundball, 56D)
Jeff Lawson to second
Batting: LHB Sergio Muńóz 0-0: Fly out, F9 (Flyball, 9LSF)
Batting: RHB Darrell Terwey 0-0: Called Strike
0-1: Called Strike
0-2: Fly out, F8 (Flyball, 8LXD)
Bottom of the 4th over - 0 runs, 2 hits, 0 errors, 2 left on base; Naperville 1 - Milton 3
TOP OF THE 5TH
Naperville Battlekings batting - Pitching for Milton Dogfish Head : RHP Romano Martínez
Batting: SHB Alex Mable 0-0: Ball
1-0: Ball
2-0: Ball
3-0: Foul Ball, location: 2F
3-1: Called Strike
3-2: Strikes out looking
Batting: LHB Juan Villanueva 0-0: Called Strike
0-1: Ball
1-1: Foul Ball, location: 2F
1-2: SINGLE (Groundball, 5D)
Batting: RHB Edward Payne 0-0: Called Strike
0-1: Fly out, F3 (Popup, 23F)
Batting: RHB Fernando Martínez 0-0: Ball
1-0: Foul Ball, location: 2F
1-1: Ball
2-1: Foul Ball, location: 2F
2-2: Ball
3-2: Base on Balls
Juan Villanueva to second
Batting: RHB Carlos González 0-0: Foul Ball, location: 2F
0-1: Fielders Choice at 2nd, 5-4 (Groundball, 5)
Top of the 5th over - 0 runs, 1 hit, 0 errors, 2 left on base; Naperville 1 - Milton 3
BOTTOM OF THE 5TH
Milton Dogfish Head batting - Pitching for Naperville Battlekings : RHP Jordan Turpin
Batting: RHB Yves Girard 0-0: Ball
1-0: Foul Ball, location: 2F
1-1: Fly out, F9 (Flyball, 9LM)
Batting: SHB Alejandro Castillo 0-0: Called Strike
0-1: SINGLE (Groundball, 34D)
Batting: RHB Rich Flannery 0-0: Foul Ball, location: 2F
0-1: Ball
1-1: Called Strike
1-2: Strikes out swinging
Batting: SHB Shoin Takuda 0-0: Ball
1-0: Called Strike
1-1: Ball
2-1: Ball
3-1: Foul Ball, location: 2F
3-2: Fly out, F4 (Line Drive, 4)
Bottom of the 5th over - 0 runs, 1 hit, 0 errors, 1 left on base; Naperville 1 - Milton 3
TOP OF THE 6TH
Naperville Battlekings batting - Pitching for Milton Dogfish Head : RHP Romano Martínez
Batting: RHB Jay Hood 0-0: Ball
1-0: Foul Ball, location: 2F
1-1: Ball
2-1: Fly out, F9 (Flyball, 9)
Batting: LHB Philip Strickland 0-0: Called Strike
0-1: Foul Ball, location: 2F
0-2: Strikes out swinging
Batting: LHB Marcos Costa 0-0: Called Strike
0-1: Ball
1-1: Ball
2-1: Ball
3-1: Base on Balls
Batting: RHB Jorge Baker 0-0: Called Strike
Marcos Costa steals 2nd base
0-1: Swinging Strike
0-2: Strikes out swinging
Top of the 6th over - 0 runs, 0 hits, 0 errors, 1 left on base; Naperville 1 - Milton 3
BOTTOM OF THE 6TH
Milton Dogfish Head batting - Pitching for Naperville Battlekings : RHP Jordan Turpin
Batting: RHB Lorenzo Rosas 0-0: Called Strike
0-1: SINGLE (Groundball, 4MD)
Batting: LHB Jeff Lawson 0-0: Bunted foul
0-1: Ball
1-1: Bunted foul
1-2: Ball
2-2: Ball
3-2: Foul Ball, location: 2F
3-2: Fly out, F5 (Line Drive, 5S)
Batting: RHB Esteban Olivo 0-0: Ball
1-0: SINGLE (Groundball, 6D)
Lorenzo Rosas to second
Batting: LHB Sergio Muńóz 0-0: Ball
1-0: Ball
2-0: Called Strike
2-1: Foul Ball, location: 2F
2-2: Fly out, F7 (Line Drive, 78D)
Batting: RHB Darrell Terwey 0-0: Ball
1-0: Ball
2-0: Called Strike
2-1: Ball
3-1: SINGLE (Groundball, 6MD)
Lorenzo Rosas to third
Esteban Olivo to second
Runner from 3rd tries for Home, SAFE, no throw
Batting: RHB Yves Girard 0-0: Called Strike
0-1: Called Strike
0-2: Ball
1-2: Ball
2-2: Ball
3-2: Base on Balls
Esteban Olivo to third
Darrell Terwey to second
Batting: SHB Alejandro Castillo 0-0: Ball
1-0: Ball
2-0: Ball
3-0: Base on Balls
Esteban Olivo scores
Darrell Terwey to third
Yves Girard to second
Pitching: RHP Willis Parker
Batting: RHB Rich Flannery 0-0: Ball
1-0: Foul Ball, location: 2F
1-1: Ball
2-1: Ground out 5-3 (Groundball, 56S)
Bottom of the 6th over - 2 runs, 3 hits, 0 errors, 3 left on base; Naperville 1 - Milton 5
TOP OF THE 7TH
Naperville Battlekings batting - Pitching for Milton Dogfish Head : RHP Romano Martínez
Batting: SHB Alex Mable 0-0: Swinging Strike
0-1: Ball
1-1: Ball
2-1: Foul Ball, location: 2F
2-2: Ball
3-2: Foul Ball, location: 2F
3-2: Strikes out looking
Batting: LHB Juan Villanueva 0-0: Called Strike
0-1: Ball
1-1: Called Strike
1-2: Ball
2-2: Ground out 4-3 (Groundball, 4S)
Batting: RHB Edward Payne 0-0: Ball
1-0: Ball
2-0: Foul Ball, location: 2F
2-1: Ball
3-1: Foul Ball, location: 2F
3-2: Ground out 6-3 (Groundball, 6)
Top of the 7th over - 0 runs, 0 hits, 0 errors, 0 left on base; Naperville 1 - Milton 5
BOTTOM OF THE 7TH
Milton Dogfish Head batting - Pitching for Naperville Battlekings : RHP Willis Parker
Batting: SHB Shoin Takuda 0-0: Called Strike
0-1: Ball
1-1: Foul Ball, location: 2F
1-2: Foul Ball, location: 2F
1-2: Ball
2-2: Ground out 1-3 (Groundball, 13)
Batting: RHB Lorenzo Rosas 0-0: Ball
1-0: Hit by Pitch
Batting: LHB Jeff Lawson 0-0: Foul Ball, location: 2F
0-1: Ball
1-1: Ball
2-1: Ball
3-1: Swinging Strike
3-2: Foul Ball, location: 2F
3-2: Foul Ball, location: 2F
3-2: Foul Ball, location: 2F
3-2: Strikes out swinging
Batting: RHB Esteban Olivo 0-0: Ball
1-0: Reached on error, E1 (Groundball, 15)
Lorenzo Rosas to third
Batting: LHB Sergio Muńóz 0-0: Called Strike
0-1: Fly out, F6 (Popup, 4MS)
Bottom of the 7th over - 0 runs, 0 hits, 1 error, 2 left on base; Naperville 1 - Milton 5
TOP OF THE 8TH
Naperville Battlekings batting - Pitching for Milton Dogfish Head : RHP Romano Martínez
Pitching: RHP Vincente Ortíz
Batting: RHB Fernando Martínez 0-0: Called Strike
0-1: Foul Ball, location: 2F
0-2: Foul Ball, location: 2F
0-2: Ball
1-2: SINGLE (Line Drive, 6MD)
Batting: RHB Carlos González 0-0: Ball
1-0: Ball
2-0: SINGLE (Groundball, 34S) (infield hit)
Fernando Martínez to second
Batting: RHB Jay Hood 0-0: Foul Ball, location: 2F
0-1: Fly out, F8 (Flyball, 78S)
Batting: LHB Philip Strickland 0-0: Swinging Strike
0-1: Swinging Strike
0-2: DOUBLE (Groundball, 3L)
Fernando Martínez scores
Carlos González to third
Batting: LHB Marcos Costa 0-0: Foul Ball, location: 2F
0-1: Swinging Strike
0-2: Ball
1-2: Ball
2-2: Foul Ball, location: 2F
2-2: Ball
3-2: Fly out, F9 (Flyball, 89D)
Runner from 3rd tags up, SCORES, no throw
Philip Strickland to third
Batting: RHB Jorge Baker 0-0: Called Strike
0-1: Ball
1-1: Ball
2-1: Ball
3-1: Foul Ball, location: 2F
3-2: Foul Ball, location: 2F
3-2: Base on Balls
Batting: SHB Alex Mable 0-0: Ball
1-0: Ground out 4-3 (Groundball, 4)
Top of the 8th over - 2 runs, 3 hits, 0 errors, 2 left on base; Naperville 3 - Milton 5
BOTTOM OF THE 8TH
Milton Dogfish Head batting - Pitching for Naperville Battlekings : RHP Willis Parker
Batting: RHB Darrell Terwey 0-0: Foul Ball, location: 2F
0-1: Ball
1-1: Swinging Strike
1-2: Foul Ball, location: 2F
1-2: Ball
2-2: Hit by Pitch
Batting: RHB Yves Girard 0-0: Ball
1-0: Called Strike
1-1: Grounds into double play, 5-4-3 (Groundball, 5)
Batting: SHB Alejandro Castillo 0-0: Ball
1-0: SINGLE (Line Drive, 7LM)
Batting: RHB Rich Flannery 0-0: Foul Ball, location: 2F
0-1: Fly out, F8 (Line Drive, 89M)
Bottom of the 8th over - 0 runs, 1 hit, 0 errors, 1 left on base; Naperville 3 - Milton 5
TOP OF THE 9TH
Naperville Battlekings batting - Pitching for Milton Dogfish Head : RHP Vincente Ortíz
Pitching: LHP Shun'ichi Tanaka
Batting: LHB Juan Villanueva 0-0: Ball
1-0: Called Strike
1-1: Swinging Strike
1-2: Ball
2-2: Ground out 5-3 (Groundball, 56S)
Batting: RHB Edward Payne 0-0: Foul Ball, location: 2F
0-1: Ball
1-1: Ball
2-1: Foul Ball, location: 2F
2-2: Foul Ball, location: 2F
2-2: Foul Ball, location: 2F
2-2: SINGLE (Groundball, 6MD)
Batting: RHB Fernando Martínez 0-0: Called Strike
0-1: Foul Ball, location: 2F
0-2: Strikes out swinging
Batting: RHB Carlos González 0-0: Ball
1-0: Ball
2-0: Ball
3-0: Called Strike
3-1: Foul Ball, location: 2F
3-2: Fly out, F7 (Flyball, 7)
Top of the 9th over - 0 runs, 1 hit, 0 errors, 1 left on base; Naperville 3 - Milton 5
Sunday, March 18th, 2018 - OOTP Baseball 18.8 Build 76